 Dungeon Crawl Stone Soup version 5.6-49-g8abd877 (webtiles) character file.

4 rednecknazgul the Poker (level 8, 45/63 HPs) *CASUAL*
             Began as a Demonspawn Fighter on Dec 17, 2018.
             Quit the game in a sewer.
             The game lasted 00:04:16 (2916 turns).

rednecknazgul the Poker (Demonspawn Fighter)        Turns: 2916, Time: 00:04:16

Health: 45/63      AC: 20 (28%)Str: 18  XL:     8   Next: 14%
Magic:  11/11      EV:  7    Int: 10    God:
Gold:   227        SH:  9    Dex: 13    Spells: 12/12 levels left

rFire    . . .     SeeInvis .   a - +0 trident
rCold    . . .     Faith    .   c - +0 shield
rNeg     . . .     Spirit   .   b - +0 scale mail
rPois    +         Reflect  .   (no helmet)
rElec    .                      (no cloak)
rCorr    .                      i - +1 pair of gloves
MR       .....                  (no boots)
Stlth    ..........             (no amulet)
Regen    0.2/turn               k - ring of poison resistance
MPRegen  0.2/turn               (no ring)

@: no status effects
A: rugged brown scales 1, icemail 2, powered by pain 1, frozen heart, prehensile
tentacle 1
a: no special abilities


You were in a sewer.
You were not hungry.

You visited 1 branch of the dungeon, and saw 3 of its levels.
You also visited: Sewer.

You collected 227 gold pieces.

Inventory:

Hand Weapons
 a - a +0 trident (weapon)
Armour
 b - a +0 scale mail (worn)
 c - a +0 shield (worn)
 i - a +1 pair of gloves (worn)
Jewellery
 k - a ring of poison resistance (left hand)
 p - an uncursed ring of fire
Wands
 n - a wand of iceblast (6)
Scrolls
 e - 3 scrolls of teleportation
 f - 2 scrolls of amnesia
 j - a scroll of fog
 l - 2 scrolls of blinking
 o - a scroll of enchant armour
Potions
 d - a potion of augmentation
 g - 2 potions of flight
 h - 2 potions of heal wounds
 m - a potion of cancellation


   Skills:
 + Level 5.1 Fighting
 * Level 5.4 Polearms
 + Level 4.0 Armour
 + Level 4.6 Shields
 + Level 4.6 Invocations


You had 12 spell levels left.
You didn't know any spells.
Your spell library was empty.

Dungeon Overview and Level Annotations

Branches:
Dungeon (3/15)

Altars:
Cheibriados
Lugonu
Vehumet
Xom
The Shining One


Innate Abilities, Weirdness & Mutations

You are partially covered in rugged brown scales. (AC +1, +3% HP)
A meltable icy envelope protects you from harm. (AC +10)
You sometimes gain a little power by taking damage.
Your frozen heart empowers your ice magic.
You have a tentacle on your back.


Message History

No target in view!
No target in view!
No target in view!
No target in view!
No target in view!
No target in view!
No target in view!
No target in view!
No target in view!
No target in view!
No target in view!
No target in view!
You now have 204 gold pieces (gained 12).
You now have 212 gold pieces (gained 8).
You now have 218 gold pieces (gained 6).
l - 2 scrolls of blinking (gained 1)
You now have 227 gold pieces (gained 9).
Done exploring.
Done exploring.
Are you sure you want to abandon this character and quit the game? (Confirm with "yes".)

##.≈#.≈≈##≈≈≈##≈≈≈#≈≈##.##
#≈≈≈#≈≈##≈≈≈≈≈##≈≈#.≈≈#≈.#
#≈≈##≈≈#≈≈≈≈.≈≈#≈≈###≈#≈≈#
#≈.#≈≈##≈≈≈≈.≈≈##≈≈≈#≈#≈≈#
#≈≈#≈≈#≈≈≈≈≈≈≈≈≈#≈≈∩#≈#≈≈#
#≈≈#..#≈≈..≈.≈≈≈#≈≈≈#≈#≈.#
#≈.#≈≈#≈.≈..≈≈≈≈#≈≈##≈#≈.#
#≈≈#..#≈≈...≈≈..#≈≈#≈.#≈≈#
#≈≈#≈.#≈≈.@..≈≈≈#.≈#≈≈#≈≈#
#≈≈#≈≈##≈≈..≈.≈##..#≈≈≈.≈#
#≈≈##≈≈#≈≈≈.≈..≈≈≈.#..≈≈≈#
#.≈≈#.≈##≈≈.≈..≈≈###≈≈..≈#
##≈.#..≈##≈≈≈.≈###.#######
#.≈##≈≈≈#######≈.≈≈≈#
#≈≈.#.≈≈≈≈≈≈≈.≈≈..≈≈#
##≈≈##≈≈≈.≈.≈≈≈##≈≈##
#≈≈≈##.≈≈≈≈.≈##≈≈##


There were no monsters in sight!

Vanquished Creatures
  An ice beast (D:3)
  2 bullfrogs (Sewer)
  2 scorpions (D:3)
  A worker ant (D:3)
  An iguana (D:3)
  8 adders
  13 oozes
  A dart slug (D:2)
  2 orcs (D:3)
  2 quokkas
  10 ball pythons (Sewer)
  4 bats
  10 giant cockroaches
  5 goblins
  5 hobgoblins
  11 jackals
  12 frilled lizards
  5 kobolds
  6 rats
101 creatures vanquished.

Notes
Turn   | Place    | Note
-------+----------+-------------------------------------------
     0 | D:1      | rednecknazgul the Demonspawn Fighter began the quest for the Orb.
     0 | D:1      | Reached XP level 1. HP: 18/18 MP: 2/2
    90 | D:1      | Reached skill level 1 in Invocations
    90 | D:1      | Gained mutation: A meltable icy envelope protects you from harm. (AC +10) [demonic ancestry]
    90 | D:1      | Reached XP level 2. HP: 20/24 MP: 3/3
   331 | D:1      | Gained mutation: You are partially covered in rugged brown scales. (AC +1, +3% HP) [demonic ancestry]
   331 | D:1      | Reached XP level 3. HP: 24/29 MP: 5/5
   815 | D:2      | Found a faded altar of an unknown god.
   952 | D:2      | Gained mutation: Your frozen heart empowers your ice magic. [demonic ancestry]
   952 | D:2      | Reached XP level 4. HP: 21/37 MP: 6/6
  1146 | D:2      | Found a radiant altar of Vehumet.
  1538 | D:2      | Found a shimmering altar of Xom.
  1890 | D:2      | Gained mutation: You sometimes gain a little power by taking damage. [demonic ancestry]
  1890 | D:2      | Reached XP level 5. HP: 43/43 MP: 7/7
  1895 | D:2      | Found a glowing golden altar of the Shining One.
  2264 | D:3      | Found a corrupted altar of Lugonu.
  2282 | D:3      | Gained mutation: A meltable icy envelope protects you from harm. (AC +10) [demonic ancestry]
  2282 | D:3      | Reached XP level 6. HP: 48/49 MP: 9/9
  2406 | D:3      | Found a snail-covered altar of Cheibriados.
  2495 | D:3      | Noticed an ice beast
  2522 | D:3      | Killed an ice beast
  2522 | D:3      | Gained mutation: You have a tentacle on your back. [demonic ancestry]
  2522 | D:3      | Reached XP level 7. HP: 31/56 MP: 10/10
  2560 | D:3      | Found a glowing drain.
  2564 | Sewer    | Entered a sewer
  2804 | Sewer    | Reached skill level 5 in Polearms
  2892 | Sewer    | Reached XP level 8. HP: 50/62 MP: 11/11
  2902 | Sewer    | Reached skill level 5 in Fighting
  2916 | Sewer    | Quit the game

Skill      XL: |  1  2  3  4  5  6  7  8 |
---------------+-------------------------+-----
Polearms       | 2 3 4 5 |  5.4
Invocations    | 1 2 3 4 |  4.6
Shields        | 3 4 |  4.6
Armour         | 3 4 |  4.0
Fighting       | 4 5 |  5.1

Action                   |  1- 3 |  4- 6 |  7- 9 || total
-------------------------+-------+-------+-------++-------
Melee: Trident           |   105 |   198 |   229 ||   532
       Tentacles         |       |       |     9 ||     9
  Use: Scroll            |       |     1 |       ||     1
Armor: Scale mail        |    54 |   172 |   123 ||   349
Dodge: Dodged            |    21 |    95 |    63 ||   179
Block: Shield            |    37 |   139 |   113 ||   289
